 Dungeon Crawl Stone Soup version 0.17-b1-15-g0f5fb43 (webtiles) character file.

8171 Eucla the Destroyer (level 11, -3/63 HPs)
             Began as a Deep Elf Conjurer on Nov 7, 2015.
             Was the Champion of Jiyva.
             Slain by a spiny frog (19 damage)
             ... on level 1 of the Lair of Beasts.
             The game lasted 00:21:59 (9082 turns).

Eucla the Destroyer (Deep Elf Conjurer)             Turns: 9082, Time: 00:21:59

Health: -3/63      AC: 13    Str:  9    XL:     11   Next: 6%
Magic:  19/28      EV: 14    Int: 25    God:    Jiyva [******]
Gold:   339        SH:  0    Dex: 10    Spells: 3 memorised, 22 levels left

rFire  + . .     SeeInvis .     i - +2 flail (protect)
rCold  . . .     Clarity  .     G - +3 leather armour of the Barber Surgeon {rElec MR+}
rNeg   . . .     SustAt   .     (no shield)
rPois  .         Gourm    .     t - +0 helmet
rElec  +         Spirit   .     (no cloak)
rCorr  +         Warding  .     (no gloves)
rMut   .         Stasis   .     D - +0 pair of boots
MR     ++...                    N - amulet of faith
Stlth  ++........               y - ring of wizardry
                                H - ring of protection from fire

@: lethally poisoned (-3 -> -10), very resistant to hostile enchantments,
unstealthy
A: acidic bite, translucent skin 1
a: Request Jelly, Jelly Paralyse, Slimify, Cure Bad Mutation, Renounce Religion


You were on level 1 of the Lair of Beasts.
You worshipped Jiyva.
Jiyva was exalted by your worship.
You were very full.

You visited 2 branches of the dungeon, and saw 11 of its levels.

You collected 339 gold pieces.

Inventory:

Hand Weapons
 i - a +2 flail of protection (weapon)
 r - a +0 dagger
 s - a +4 club
Armour
 a - a +0 robe
 e - a +2 robe of magic resistance
 t - a +0 helmet (worn)
 D - a +0 pair of boots (worn)
 G - the +3 leather armour of the Barber Surgeon (worn) {rElec MR+}
   (You found it on level 9 of the Dungeon)

   It insulates you from electricity.
   It affects your resistance to hostile enchantments.
 J - a +2 robe of fire resistance
Magical Staves
 L - an uncursed staff of fire
Jewellery
 d - an uncursed amulet of warding
 f - an uncursed ring of stealth
 y - a ring of wizardry (right hand)
 H - a ring of protection from fire (left hand)
 N - an amulet of faith (around neck)
Wands
 v - a wand of digging (9)
 O - a wand of random effects (29)
Scrolls
 h - 3 scrolls of fog {unknown}
 j - 2 scrolls of noise {unknown}
 k - a scroll of silence {unknown}
 l - 5 scrolls of identify {unknown}
 m - 2 scrolls of recharging {unknown}
 n - 3 scrolls of teleportation {unknown}
 o - 2 scrolls of blinking {unknown}
 q - 4 scrolls of remove curse {unknown}
 F - a scroll of fear {unknown}
 I - 2 scrolls of amnesia {unknown}
 M - a scroll of enchant armour {unknown}
Potions
 p - 3 potions of heal wounds {unknown}
 u - a potion of resistance {unknown}
 x - a potion of curing
 z - a potion of berserk rage {unknown}
 B - a potion of might {unknown}
 C - a potion of degeneration {unknown}
 K - a potion of flight {unknown}
Books
 b - a book of Conjurations

   Spells                             Type                      Level
   a - Magic Dart                     Conjuration                  1
   b - Searing Ray                    Conjuration                  2
   c - Dazzling Spray                 Conjuration/Hexes            3
   d - Fulminant Prism                Conjuration/Hexes            4
   e - Iskenderun's Mystic Blast      Conjuration                  4
   f - Iskenderun's Battlesphere      Conjuration/Charms           5
Comestibles
 c - 9 bread rations
 g - 5 fruits
 w - 4 meat rations
 A - a beef jerky
 E - 9 slices of pizza


   Skills:
 + Level 5.0 Fighting
 + Level 7.9 Dodging
 - Level 2.4 Stealth
 - Level 11.3 Spellcasting
 + Level 11.9 Conjurations
 - Level 8.7 Charms


You had 22 spell levels left.
You knew the following spells:

 Your Spells              Type           Power        Failure   Level  Hunger
a - Magic Dart            Conj           ####         1%          1    None
b - Iskenderun's Battles  Conj/Chrm      ######..     1%          5    ###....
c - Iskenderun's Mystic   Conj           ######..     1%          4    None


Dungeon Overview and Level Annotations

Branches:
Dungeon (10/15)            Temple (0/1) D:5            Lair (1/8) D:10
    Orc: D:9-12

Altars:
Fedhas
Kikubaaqudgha
Qazlal
Yredelemnul
Zin
Jiyva

Shops:
D:5 %%(*   D:7 [

Annotations:
D:2 1 runed door


Innate Abilities, Weirdness & Mutations

You have acidic saliva.
Your skin is partially translucent (Stealth, -foe acc).


Message History

The spiny frog is moderately wounded.
You feel sick.
Your battlesphere fires!
The barrage of energy hits the spiny frog.
The spiny frog is heavily wounded.
The spiny frog barely misses you.
Casting: Magic Dart
Confirm with . or Enter, or press ? or * to list all spells.
Aiming: Magic Dart
Press: ? - help, Shift-Dir - straight line, f/p - spiny frog
Aim: a spiny frog (heavily wounded, covered in acid)
The magic dart hits the spiny frog.
The spiny frog is heavily wounded.
You feel sick.
Your battlesphere fires!
The barrage of energy hits the spiny frog.
The spiny frog is almost dead.
Your acid blob closely misses the spiny frog.
The spiny frog stings you!!
You die...

######.##...†....# #
##.#...........
#...........#. .
###.)........# .!
###.....#.....## .>.
#
#............*.#...
#.##.......##..."..#
......#$..####..J.?#
####.....†.H.JF@#
#....########.......
♣....# ....##.
.P≈≈.P..P ...#...
≈≈≈P.≈.}.. #......
≈≈.≈≈≈P##.# ..8..
≈≈≈≈HP♣ ## ....>.
≈♣≈≈≈≈ .=8... ≈≈≈≈.


You could see a hippogriff, a spiny frog, a friendly acid blob and a friendly
death ooze.

Vanquished Creatures
  Pikel (D:9)
  2 hill giants (D:10)
  An elephant (D:10)
  A centaur skeleton (D:10)
  A troll (D:9)
  Prince Ribbit (D:6)
  A spriggan (D:8)
  A deep elf mage (D:9)
  Sigmund (D:3)
  4 yaks (D:10)
  Eustachio (D:6)
  A steam dragon (D:7)
  4 hippogriffs
  Menkaure (D:4)
  3 orc warriors
  Duvessa (D:6)
  5 ogres
  3 phantoms
  A sky beast (D:4)
  2 slaves (D:9)
  A water moccasin (Lair:1)
  2 necrophages (D:8)
  3 centaurs
  A crocodile (D:10)
  10 giant frogs
  5 scorpions
  Dowan (D:6)
  2 killer bees (D:8)
  4 wights (D:9)
  4 crimson imps
  A centaur zombie (D:7)
  4 hounds
  2 giant frog zombies
  5 orc wizards
  2 orc priests
  A giant frog skeleton (D:10)
  3 worker ants
  2 iguanas
  A sheep (D:10)
  2 hound zombies
  A hound skeleton (D:9)
  2 worker ant zombies
  Robin (D:3)
  9 adders
  2 shadow imps
  An adder skeleton (D:4)
  An adder zombie (D:5)
  2 worms
  A giant gecko (D:5)
  25 orcs
  2 ball pythons
  4 giant cockroaches
  14 goblins
  7 hobgoblins
  4 jackals
  8 kobolds
  A quokka (D:2)
  8 bats
  4 giant newts
  A jackal skeleton (D:6)
  6 rats
196 creatures vanquished.

Vanquished Creatures (collateral kills)
  A troll (D:10)
  A sky beast (D:10)
  A water moccasin (Lair:1)
3 creatures vanquished.

Vanquished Creatures (others)
  Grinder (D:8)
  A yak (D:10)
  A centaur (D:7)
  6 killer bees (D:8)
  A crimson imp (D:6)
  3 hounds
  2 orc priests
  22 jellies
  Natasha (thrice) (D:3)
  3 worker ants
  4 orc wizards
  2 adders
  2 adder skeletons
  A giant gecko (D:3)
  14 orcs
  4 bats
  A goblin (D:3)
  A hobgoblin (D:3)
  3 jackals
  2 quokkas
  A giant newt (D:3)
  A kobold (D:3)
  A rat (D:3)
80 creatures vanquished.

Grand Total: 279 creatures vanquished

Notes
Turn   | Place    | Note
--------------------------------------------------------------
     0 | D:1      | Eucla the Deep Elf Conjurer began the quest for the Orb.
     0 | D:1      | Reached XP level 1. HP: 10/10 MP: 6/6
   156 | D:1      | Reached XP level 2. HP: 15/15 MP: 1/8
   793 | D:1      | Reached XP level 3. HP: 19/19 MP: 3/10
  1061 | D:2      | Found a faded altar to an unknown god.
  1071 | D:2      | Noticed a human
  1082 | D:2      | Became a worshipper of Jiyva Jasov the Shapeless
  1082 | D:2      | Reached * piety under Jiyva
  1082 | D:2      | Reached skill level 5 in Conjurations
  1092 | D:2      | Found a runed door.
  1149 | D:2      | Found a basalt altar of Yredelemnul.
  1594 | D:2      | Reached ** piety under Jiyva
  1596 | D:2      | Reached XP level 4. HP: 24/24 MP: 10/12
  1870 | D:3      | Noticed Robin
  1880 | D:3      | Killed Robin
  1945 | D:3      | Noticed Sigmund
  1954 | D:3      | Gained mutation: You are somewhat resistant to further mutation. [potion of mutation]
  1954 | D:3      | Gained mutation: Your system is resistant to poisons. [potion of mutation]
  2021 | D:3      | Reached *** piety under Jiyva
  2051 | D:3      | Killed Sigmund
  2051 | D:3      | Reached skill level 6 in Spellcasting
  2051 | D:3      | Reached XP level 5. HP: 3/28 MP: 12/15
  2141 | D:3      | Killed Natasha
  2347 | D:3      | Lost mutation: Your system is resistant to poisons. [Jiyva's grace]
  2396 | D:3      | Killed Natasha
  2403 | D:3      | Killed Natasha
  2878 | D:4      | Noticed Menkaure
  2888 | D:4      | Killed Menkaure
  2888 | D:4      | Reached XP level 6. HP: 20/32 MP: 7/17
  2952 | D:4      | Noticed a sky beast
  3268 | D:4      | Reached skill level 7 in Spellcasting
  3282 | D:4      | Learned a level 5 spell: Iskenderun's Battlesphere
  3287 | D:4      | Learned a level 4 spell: Iskenderun's Mystic Blast
  3406 | D:4      | Reached **** piety under Jiyva
  3410 | D:4      | Reached skill level 1 in Charms
  3417 | D:4      | Reached XP level 7. HP: 4/36 MP: 1/19
  3499 | D:4      | Lost mutation: You are somewhat resistant to further mutation. [Jiyva's grace]
  3720 | D:4      | Found a stormy altar of Qazlal.
  3859 | D:4      | Found a glowing silver altar of Zin.
  3986 | D:5      | Entered Level 5 of the Dungeon
  3986 | D:5      | Found a staircase to the Ecumenical Temple.
  4239 | D:5      | Found Tiechaxaho's Antique Weapon Boutique.
  4246 | D:5      | Found Ihorath's Assorted Antiques.
  4456 | D:5      | Found Ledaff's Food Emporium.
  4532 | D:5      | Reached skill level 8 in Spellcasting
  4654 | D:5      | Found Git Xyit's Food Shoppe.
  4871 | D:6      | Reached XP level 8. HP: 41/41 MP: 15/22
  4880 | D:6      | Noticed Dowan
  4885 | D:6      | Killed Dowan
  4885 | D:6      | Reached skill level 5 in Charms
  4888 | D:6      | Noticed Duvessa
  4891 | D:6      | Noticed Eustachio
  4891 | D:6      | Killed Duvessa
  4956 | D:6      | Killed Eustachio
  4956 | D:6      | Reached skill level 9 in Spellcasting
  5151 | D:6      | Reached ***** piety under Jiyva
  5250 | D:6      | Gained mutation: Your mind is acute. (Int +2) [Jiyva's grace]
  5268 | D:6      | Noticed Prince Ribbit
  5273 | D:6      | Killed Prince Ribbit
  5385 | D:6      | Reached skill level 10 in Spellcasting
  5405 | D:6      | Found a blossoming altar of Fedhas.
  5465 | D:6      | Gained mutation: You are frail (-10% HP). [Jiyva's grace]
  5671 | D:7      | Reached XP level 9. HP: 36/40 MP: 12/25
  5830 | D:7      | Found Pisos's Armour Shoppe.
  6199 | D:8      | Found an ancient bone altar of Kikubaaqudgha.
  6233 | D:8      | Lost mutation: You are frail (-10% HP). [Jiyva's grace]
  6259 | D:8      | Reached skill level 11 in Spellcasting
  6259 | D:8      | Reached ****** piety under Jiyva
  6418 | D:8      | Reached skill level 10 in Conjurations
  6520 | D:8      | Reached skill level 1 in Fighting
  6522 | D:8      | Gained mutation: Your flesh is heat resistant. [Jiyva's grace]
  7118 | D:8      | Killed Grinder
  7370 | D:9      | Got a bloodstained leather armour
  7386 | D:9      | Identified the +3 leather armour of the Barber Surgeon {rElec MR+} (You found it on level 9 of the Dungeon)
  7502 | D:9      | Noticed Pikel
  7503 | D:9      | Killed Pikel
  7503 | D:9      | Reached XP level 10. HP: 52/54 MP: 13/27
  7511 | D:9      | Lost mutation: Your mind is acute. (Int +2) [Jiyva's grace]
  7522 | D:9      | Reached skill level 5 in Dodging
  8222 | D:10     | Entered Level 10 of the Dungeon
  8297 | D:10     | Noticed a hill giant
  8301 | D:10     | Killed a hill giant
  8314 | D:10     | Gained mutation: Your skin is partially translucent (Stealth, -foe acc). [Jiyva's grace]
  8469 | D:10     | Found a staircase to the Lair.
  8478 | D:10     | Noticed an elephant
  8483 | D:10     | Killed an elephant
  8510 | D:10     | Noticed a hill giant
  8528 | D:10     | Killed a hill giant
  8689 | D:10     | Lost mutation: Your flesh is heat resistant. [Jiyva's grace]
  8735 | D:10     | Reached XP level 11. HP: 47/62 MP: 0/28
  8747 | D:10     | Gained mutation: You have acidic saliva. [Jiyva's grace]
  8896 | D:10     | Reached skill level 5 in Fighting
  9019 | Lair:1   | Entered Level 1 of the Lair of Beasts
  9082 | Lair:1   | Slain by a spiny frog

Action                   |  1- 3 |  4- 6 |  7- 9 | 10-12 || total
-------------------------+-------+-------+-------+-------++-------
Melee: Unarmed           |    22 |     8 |       |       ||    30
       Club              |       |    36 |    10 |       ||    46
       Flail             |       |       |     6 |     9 ||    15
 Cast: Magic Dart        |    87 |    69 |   263 |   102 ||   521
       Iskenderun's Myst |       |     3 |    15 |    25 ||    43
       Iskenderun's Batt |       |       |    16 |     9 ||    25
Invok: Request Jelly     |       |       |     1 |     2 ||     3
  Use: Potion            |       |     5 |       |       ||     5
  Eat: Chunk             |     2 |     1 |       |       ||     3
       Beef jerky        |       |       |     2 |       ||     2
       Royal jelly       |       |       |     1 |       ||     1
       Pizza             |       |       |     1 |       ||     1
